Map: Coda EC

Players

Zach

  • Race: Terran Terran

AgCl - Winner!

  • Race: Protoss Protoss

VOD

Have the link to the VOD?

Description

Time

  • Played on: May 12, 2015, 3:56 a.m.
  • Length: 16:34
Show
View Real Time Build Order
Export as new Build Order

Zach Terran 

Build Orders:  

Get SALT Encoding   

  12  0:01  SCV  
  13  0:13  SCV  
  14  0:24  Supply Depot  
  14  0:25  SCV  
  15  0:46  SCV  
  15  0:48  Barracks  
  16  0:58  SCV  
  16  1:00  Refinery  
  17  1:13  Barracks  
  17  1:15  SCV  
  18  1:27  SCV  
  18  1:30  Barracks  
  18  1:40  Barracks Tech Lab, Orbital Command  
  18  1:59  Marauder  
  20  2:03  Barracks Reactor  
  20  2:09  Supply Depot  
  20  2:27  Barracks Reactor  
  20  2:35  Marauder  
  22  2:39  Marine x2  
  22  2:40  SCV  
  25  2:52  SCV, Supply Depot  
  25  2:56  Marauder  
  25  2:57  Marine x2  
  30  3:03  Marine  
  31  3:09  Supply Depot  
  31  3:13  Marine  
  31  3:14  SCV  
  31  3:16  Marine x2  
  31  3:19  Marauder  
  37  3:20  Concussive Shells  
  37  3:24  Marine  
  37  3:26  SCV  
  39  3:31  Marine  
  39  3:34  Marine  
  41  3:35  Supply Depot  
  41  3:36  Marine  
  41  3:38  SCV  
  41  3:40  Marauder  
  45  3:46  Marine  
  46  3:49  Marine  
  47  3:56  Marine x2  
  49  4:08  SCV  
  46  4:22  Engineering Bay  
  46  4:29  Marine x4  
  46  4:30  Marauder  
  52  4:37  Supply Depot  
  52  4:40  SCV  
  53  4:51  Missile Turret  
  53  4:55  SCV  
  53  4:58  Marine x3  
  57  5:00  Missile Turret  
  58  5:07  SCV, Marauder  
  58  5:09  Marine  
  59  5:16  Missile Turret  
  47  5:42  Marine x3  
  50  5:47  SCV  
  51  6:00  SCV  
  52  6:05  Stimpack  
  52  6:08  Marine x2  
  52  6:09  Marine  
  29  6:35  Marine x3  
  29  6:36  SCV, Marauder  
  29  6:40  Supply Depot  
  29  6:48  SCV  
  30  6:55  Marine x4  
  30  6:57  Marauder  
  30  7:00  SCV  
  37  7:12  SCV, Marine  
  37  7:13  Marine x3  
  42  7:24  SCV  
  43  7:30  Marauder  
  43  7:36  SCV  
  46  7:37  Terran Infantry Weapons Level 1  
  46  7:42  Supply Depot, Marine x2  
  46  7:43  Marine x2  
  50  7:49  SCV  
  51  7:53  Marauder  
  53  8:01  SCV  
  53  8:02  Marine x3  
  53  8:03  Marine  
  58  8:13  SCV  
  58  8:14  Marauder  
  61  8:20  Marine  
  61  8:21  Supply Depot  
  61  8:22  Marine x2  
  61  8:25  SCV  
  61  8:26  Marine  
  66  8:35  Marauder  
  66  8:37  SCV  
  69  9:00  SCV  
  69  9:01  Command Center  
  69  9:20  Bunker  
  68  9:51  Marine x2  
  68  9:52  Marine x2  
  72  9:53  Missile Turret  
  72  10:04  Missile Turret  
  72  10:05  Marauder  
  72  10:06  Missile Turret  
  74  10:15  Marine  
  75  10:22  Marine  
  76  10:29  Marine  
  77  10:57  Orbital Command  
  77  11:16  Marine x2  
  77  11:17  Marauder, Marine x2  
  84  11:18  SCV  
  84  11:34  Marine  
  84  11:35  Marine x2  
  84  11:36  Marine  
  84  11:39  Marauder  
  90  11:45  SCV  
  91  11:47  Supply Depot  
  91  11:48  SCV  
  92  11:54  Factory  
  92  11:57  SCV  
  92  11:58  Marine x2  
  92  11:59  Marine x2  
  97  12:09  Refinery  
  97  12:10  Refinery  
  97  12:11  Factory  
  99  12:15  Marauder  
  99  12:17  SCV x2  
  99  12:22  Refinery  
  101  12:29  Marine x4  
  107  12:37  Marauder  
  107  12:41  Factory Tech Lab  
  107  12:46  Marine  
  107  12:47  Marine  
  107  12:48  Marine  
  110  12:53  Supply Depot  
  110  12:57  Supply Depot  
  110  13:09  Supply Depot  
  110  13:11  Supply Depot, Marine  
  110  13:15  SCV x2, Marauder, Siege Tank, Marine  
  110  13:17  Factory Reactor  
  118  13:21  Starport  
  118  13:26  Marine x2  
  120  13:29  Starport  
  120  13:37  Marauder  
  122  13:43  Marine x2  
  122  13:44  Marine  
  122  13:45  SCV  
  126  13:58  Marauder  
  128  14:08  Starport Reactor x2  
  128  14:14  Marine  
  128  14:15  Marine x2  
  128  14:17  Siege Tank  
  134  14:21  Supply Depot  
  134  14:25  Marine  
  134  14:26  Marauder  
  134  14:28  Factory Tech Lab, Viking  
  134  14:29  Viking  
  141  14:35  SCV  
  142  14:43  Marine  
  142  14:44  Marine  
  144  14:46  Viking x2  
  148  14:53  Supply Depot  
  148  15:00  Supply Depot  
  148  15:03  Viking  
  150  15:15  Siege Tank  
  150  15:16  Supply Depot  
  153  15:25  Command Center  
  153  15:27  Viking  
  155  15:31  Viking  
  157  15:39  Supply Depot  
  157  15:41  Marine x4  
  161  15:51  Viking x2  
  165  16:03  Marine  
  165  16:04  Marauder, Marine x2  
Show
View Real Time Build Order
Export as new Build Order

AgCl Protoss - Winner!

Build Orders: Oracle Opening, Oracle Opening 

Get SALT Encoding   

  12  0:22  Pylon  
  12  0:28  Probe  
  13  0:32  Assimilator  
  13  0:40  Probe  
  14  0:48  Gateway  
  14  0:53  Probe (Chrono Boost)  
  15  1:04  Probe (Chrono Boost)  
  16  1:10  Probe (Chrono Boost)  
  17  1:16  Pylon  
  17  1:22  Probe (Chrono Boost)  
  18  1:31  Probe (Chrono Boost)  
  19  1:38  Cybernetics Core  
  19  1:39  Probe (Chrono Boost)  
  20  1:45  Assimilator  
  20  1:51  Probe (Chrono Boost)  
  21  1:55  Pylon  
  21  1:59  Probe (Chrono Boost)  
  22  2:08  Probe (Chrono Boost)  
  23  2:16  Stargate  
  23  2:18  Probe (Chrono Boost)  
  24  2:25  Probe  
  24  2:34  Warp Gate  
  24  2:38  Mothership Core (Chrono Boost)  
  26  2:55  Nexus  
  26  3:00  Probe (Chrono Boost)  
  27  3:06  Oracle  
  27  3:08  Probe (Chrono Boost)  
  31  3:26  Robotics Facility  
  31  3:35  Adept  
  33  3:45  Gateway  
  33  3:50  Void Ray (Chrono Boost)  
  37  3:59  Probe  
  38  4:11  Probe  
  39  4:23  Probe  
  40  4:26  Immortal (Chrono Boost)  
  44  4:31  Pylon  
  44  4:36  Probe  
  45  4:39  Gateway  
  45  4:47  Assimilator  
  45  4:51  Probe, Forge  
  46  5:03  Probe  
  47  5:25  Void Ray  
  47  5:33  Immortal (Chrono Boost)  
  52  5:38  Probe x2 (Chrono Boost), Pylon  
  52  5:40  Adept  
  52  5:42  Adept  
  57  5:50  Probe (Chrono Boost)  
  57  5:54  Probe (Chrono Boost)  
  58  6:00  Protoss Ground Weapons Level 1 (Chrono Boost)  
  58  6:01  Probe (Chrono Boost)  
  58  6:02  Probe (Chrono Boost)  
  60  6:09  Probe x2 (Chrono Boost), Photon Cannon  
  62  6:11  Pylon  
  62  6:13  Observer  
  63  6:20  Pylon  
  59  6:29  Adept  
  59  6:30  Adept x2  
  57  6:38  Probe x2  
  55  6:49  Fleet Beacon  
  55  6:57  Observer (Chrono Boost)  
  55  6:59  Probe (Chrono Boost)  
  55  7:00  Probe (Chrono Boost)  
  58  7:04  Twilight Council  
  58  7:05  Pylon  
  58  7:08  Assimilator  
  58  7:10  Probe (Chrono Boost)  
  58  7:11  Probe (Chrono Boost)  
  58  7:12  Carrier (Chrono Boost)  
  60  7:18  Probe x2 (Chrono Boost)  
  60  7:28  Probe x2  
  58  7:31  Pylon  
  64  7:40  Probe  
  64  7:44  Dark Shrine  
  65  7:45  Probe  
  65  7:49  Charge (Chrono Boost)  
  66  7:51  Pylon  
  66  7:52  Probe  
  66  7:55  Photon Cannon  
  67  8:01  Pylon  
  67  8:03  Photon Cannon  
  67  8:06  Protoss Ground Weapons Level 2 (Chrono Boost)  
  67  8:14  Carrier (Chrono Boost)  
  67  8:16  Gateway  
  67  8:28  Nexus  
  73  8:57  Dark Templar  
  75  9:03  Assimilator  
  75  9:04  Probe x2  
  75  9:07  Assimilator  
  75  9:09  Pylon  
  77  9:12  Templar Archives, Protoss Air Weapons Level 1 (Chrono Boost)  
  77  9:14  Carrier (Chrono Boost)  
  77  9:16  Probe x2  
  83  9:40  Probe x2  
  83  9:43  Probe  
  86  9:47  Pylon  
  86  9:52  Psionic Storm  
  86  9:57  Zealot  
  88  10:04  Pylon, Photon Cannon  
  88  10:08  Photon Cannon  
  88  10:11  Photon Cannon  
  88  10:20  Stargate  
  88  10:24  Gateway  
  88  10:25  Gateway  
  88  10:26  Pylon, Carrier (Chrono Boost)  
  88  10:28  Gateway  
  88  10:30  Gateway  
  88  10:48  Pylon, High Templar  
  88  10:49  Carrier (Chrono Boost)  
  102  11:08  High Templar  
  104  11:15  Protoss Ground Weapons Level 3  
  104  11:16  Pylon  
  104  11:17  Pylon  
  104  11:21  Gateway  
  104  11:23  Gateway, Protoss Air Weapons Level 2 (Chrono Boost)  
  104  11:24  Carrier (Chrono Boost)  
  104  11:26  Gateway  
  104  11:32  Gateway  
  110  11:55  Carrier (Chrono Boost)  
  116  12:27  Carrier (Chrono Boost)  
  116  12:42  Nexus  
  116  12:43  Assimilator  
  116  12:45  Pylon  
  116  12:46  Assimilator  
  122  12:57  Carrier (Chrono Boost)  
  128  13:30  Photon Cannon  
  128  13:34  Robotics Bay  
  128  13:36  Pylon  
  128  13:37  Carrier (Chrono Boost)  
  128  13:45  Nexus  
  128  13:49  Pylon  
  134  14:12  Carrier (Chrono Boost)  
  134  14:23  Pylon  
  134  14:30  Photon Cannon  
  134  14:31  Carrier (Chrono Boost)  
  140  14:40  High Templar x2  
  150  15:00  Photon Cannon  
  150  15:03  Assimilator  
  150  15:06  Assimilator  
  150  15:18  Photon Cannon  
  150  15:46  Pylon  
  150  15:50  Adept  
  150  15:54  Nexus  
  150  15:56  Pylon  
Tags
 
Add a new tag
Caveats
  • Supply blocks, unpowered buildings, or Contaminate may cause inaccurate times.
  • Supply counts are checked every 10 seconds.